 Dungeon Crawl Stone Soup version 0.31-a0-662-g684573625c (webtiles) character file.

Game seed: 11013297727953830797

39581 cforsyth the Warrior (level 14, -11/117 HPs)
             Began as a Djinni Cinder Acolyte on Sept 2, 2023.
             Was a Follower of Jiyva.
             Engulfed by a cloud of flame (18 damage)
             ... on level 5 of the Lair of Beasts.
             The game lasted 00:55:14 (27927 turns).

cforsyth the Warrior (Djinni Cinder Acolyte)       Turns: 27927, Time: 00:55:15

Health: -11/117    AC: 12    Str: 13    XL:     14   Next: 40%
Gold:   1363       EV: 16    Int: 21    God:    Jiyva [*.....] SH:  9 Dex: 21

rFire   . . .        b - +2 falchion (freeze)
rCold   + + .        z - +0 kite shield
rNeg    . . .        E - +4 skin of Zhor {*Englaciate rC+++ SInv}
rPois   ∞            m - +2 helmet
rElec   .            w - +0 cloak
rCorr   .            (no gloves)
SInv    +            (boots unavailable)
Will    ++...        (no amulet)
Stlth   ++           h - +6 ring of dexterity
HPRegen 1.19/turn    k - +6 ring of dexterity
MPRegen 0.00/turn

%: infuse magic (-12 HP)
@: flying, studying Staves, fire susceptible
A: sickness immunity, fire resistance 2, cold vulnerability 1, float, innate
caster, HP casting, extra vitality 1, iridescent scales 1, strong-willed 1,
inability to drink after injury 1, sturdy frame 1
a: Renounce Religion


You were on level 5 of the Lair of Beasts.
You worshipped Jiyva.
Jiyva was aware of your devotion.
You visited 3 branches of the dungeon, and saw 18 of its levels.
You visited 1 bazaar.
You also visited: Bailey.

You collected 2165 gold pieces.
You spent 802 gold pieces at shops.

Inventory:

Hand Weapons
 a - a +0 falchion of flaming
 b - a +2 falchion of freezing (weapon)
 H - the +6 great mace of Ramaamnu {drain, rPois rCorr}
   (You took it off an orc wizard on level 11 of the Dungeon)

   rPois:     It protects you from poison rCorr: It protects you from acid and
   corrosion.
Missiles
 c - 10 throwing nets
Armour
 m - a +2 helmet (worn)
 t - the +0 scale mail of Qaco {Regen+}
   (You bought it in a shop in a bazaar)

   Regen+:    It increases your rate of health regeneration.
 w - a +0 cloak (worn)
 x - a +0 troll leather armour
 y - a +1 robe of willpower
 z - a +0 kite shield (worn)
 E - the +4 skin of Zhor (worn) {*Englaciate rC+++ SInv}
   (You found it on level 10 of the Dungeon)

   *Englaciate: It radiates cold, occasionally slowing all nearby creatures who
   are not resistant to cold.
   rC+++:     It renders you almost immune to cold.
   SInv:      It lets you see invisible.
Jewellery
 h - a +6 ring of dexterity (left hand)
 k - a +6 ring of dexterity (right hand)
 l - a ring of willpower
 A - a ring of wizardry
 K - a +5 ring of evasion
Wands
 o - a wand of roots (15)
 u - a wand of flame (17)
 D - a wand of mindburst (9)
 J - a wand of acid (3)
Scrolls
 f - 5 scrolls of identify
 i - 6 scrolls of teleportation
 n - 3 scrolls of revelation
 q - 3 scrolls of immolation
 v - a scroll of enchant weapon
 I - a scroll of silence
 M - a scroll of vulnerability
Potions
 d - 2 potions of degeneration
 g - 2 potions of heal wounds
 j - 2 potions of invisibility
 p - a potion of curing
 r - a potion of ambrosia
 s - a potion of attraction
 B - 2 potions of lignification
 C - a potion of might {unknown}
 F - a potion of resistance
 G - 3 potions of brilliance
 L - a potion of enlightenment


   Skills:
 + Level 16.3 Fighting
 + Level 3.3 Long Blades
 + Level 8.3 Dodging
 + Level 12.2 Spellcasting
 + Level 12.2 Conjurations
 + Level 12.2 Hexes
 + Level 12.2 Summonings
 + Level 12.2 Necromancy
 + Level 12.2 Translocations
 + Level 12.2 Transmutations
 + Level 12.2 Fire Magic
 + Level 12.2 Ice Magic
 + Level 12.2 Air Magic
 + Level 12.2 Earth Magic
 + Level 12.2 Poison Magic


You knew the following spells:

 Your Spells              Type           Power      Damage    Failure   Level
a - Scorch                Fire           100%       2d9       1%          2
b - Sandblast             Erth           100%       2d20      1%          1
c - Lesser Beckoning      Tloc           100%       N/A       1%          2
d - Dazzling Flash        Conj/Hex       100%       N/A       1%          3
e - Inner Flame           Hex/Fire       59%        N/A       1%          3
f - Manifold Assault      Tloc           59%        N/A       1%          4
g - Silence               Hex/Air        29%        N/A       4%          5
Your spell library was empty.

Dungeon Overview and Level Annotations

Branches:
Dungeon (12/15)            Temple (1/1) D:7            Lair (5/5) D:11
  Swamp (0/4) Lair:2        Snake (0/4) Lair:3        Slime (0/5) Lair:4
    Orc (0/2) D:9          Bailey (visited)

Altars:
Ashenzari
Cheibriados
Dithmenos
Elyvilon
Fedhas
Gozag
Hepliaklqana
Makhleb
Nemelex Xobeh
Okawaru
Qazlal
Ru
Trog
Uskayaw
Wu Jian
Xom
Yredelemnul
Zin
The Shining One
Jiyva

Shops:
D:8 :   D:10 ((!!:

Annotations:
D:6 2 runed translucent doors, autismninja's ghost, novice HuFi
D:7 2 transporters, Fodor's ghost, novice MiFi
D:12 2 transporters, javelincjr's ghost, journeyman DjCj


Innate Abilities, Weirdness & Mutations

You are immune to sickness and miasma.
You are immune to poison.
Your flesh is very heat resistant. (rF++)
You are vulnerable to cold. (rC-)
You float through the air rather than walking.
You learn spells naturally, not from books.
Your magical power is your life essence.
You have superior vitality. (+4 MHP)
You are partially covered in iridescent scales. (AC +2)
You are strong-willed. (Will+)
You occasionally lose the ability to drink potions when taking damage.
Your movements are slightly less encumbered by armour. (ER -2)


Message History

Press: ? - help, Dir - move target, f - skyshark
Aim: a skyshark (slow, chance to affect: 87%)
The skyshark is filled with an inner flame.
Casting: Inner Flame (safe; 1% risk of failure)
Confirm with . or Enter, or press ? or * to list all spells.
Flames lash the skyshark but do no damage.
Casting: Scorch (safe; 1% risk of failure)
Confirm with . or Enter, or press ? or * to list all spells.
Flames lash the skyshark.
Flame seeps out of the skyshark.
The skyshark is lightly wounded.
The skyshark's fire resistance burns away.
You radiate an aura of cold.
The skyshark seems to slow down.
You hear a trumpeting!
The skyshark is engulfed in blazing flames.
Flame seeps out of the skyshark.
The skyshark bites you but does no damage.
The skyshark tail-slaps you but does no damage.
The skyshark tail-slaps you.
Casting: Scorch (safe; 1% risk of failure)
Confirm with . or Enter, or press ? or * to list all spells.
Flames lash the skyshark.
The skyshark is burned terribly!
Flame seeps out of the skyshark.
The skyshark is moderately wounded.
You hear a trumpeting!
The skyshark is engulfed in blazing flames.
Flame seeps out of the skyshark.
The skyshark bites you! The skyshark barely misses you.
You block the skyshark's attack.
Casting: Scorch (safe; 1% risk of failure)
Confirm with . or Enter, or press ? or * to list all spells.
Flames lash the skyshark.
The skyshark is burned terribly!
Flame seeps out of the skyshark.
The skyshark is severely wounded.
Casting: Scorch (safe; 1% risk of failure)
Confirm with . or Enter, or press ? or * to list all spells.
Flames lash the skyshark.
The skyshark is burned terribly!
The skyshark explodes!
The fiery explosion engulfs you!!
* * * LOW HITPOINT WARNING * * *
You are engulfed in blazing flames.
You die...

...#.P..#..#..............
...........................
..........................
.............................
..........................#..
...........§○°............#.#
.............§.°°§..........P
...........○○§.○.§...........
............@§§○.○.........P#
............§.§..............
...........§.§..............
.........................##
.......................##
~...~~...~~.~.........P#
##~~~~P~##P~##........#
~~~#~~~~#~~##~.........
~~~~~~........^.


There were no monsters in sight!

Vanquished Creatures
  Azrael (D:12)
  2 hydras
  A catoblepas (Lair:2)
  A boulder beetle (Lair:4)
  4 two-headed ogres
  A skyshark (Lair:5)
  Lodul (D:12)
  A manticore (Lair:4)
  2 oklob plants
  3 cyclopes
  Maurice (D:12)
  5 black mambas
  2 elephants (Lair:4)
  5 cane toads
  6 komodo dragons
  9 rime drakes
  2 unseen horrors (D:10)
  4 trolls
  Grinder (D:3)
  6 polar bears
  A hornet (Lair:4)
  7 dream sheep (Lair:3)
  11 blink frogs
  Sigmund (D:4)
  A vampire (D:12)
  6 wyverns
  A shadow (D:12)
  2 basilisks
  38 yaks
  2 wraiths (D:12)
  8 fire elementals
  5 vampire mosquitoes
  3 wargs (D:11)
  2 acid dragons (D:9)
  2 hell hounds (D:12)
  14 water moccasins
  3 orc warriors
  3 sky beasts
  3 ice beasts
  2 black bears
  13 ogres
  4 wolves (Bailey)
  4 centaurs
  A phantom (D:4)
  Blork the orc (D:5)
  4 kobold brigands
  5 bullfrogs
  7 necrophages (Lair:4)
  2 scorpions (D:6)
  16 gnoll sergeants
  5 wights (D:8)
  3 killer bees (D:9)
  4 howler monkeys
  3 jellies (Lair:4)
  5 gnoll boudas (Bailey)
  An orc priest (D:7)
  4 hounds
  4 iguanas
  Terence (D:3)
  8 orc wizards
  Ijyb (D:5)
  Robin (D:2)
  37 gnolls
  4 adders
  A shadow imp (D:6)
  5 white imps
  4 worms
  2 dart slugs
  24 orcs
  3 bats
  8 endoplasms
  2 giant cockroaches (D:1)
  15 goblins
  4 hobgoblins
  A quokka (D:5)
  7 ball pythons
  4 frilled lizards
  14 kobolds
  6 rats
411 creatures vanquished.

Vanquished Creatures (collateral kills)
  A kobold brigand (D:8)
  A kobold (D:8)
2 creatures vanquished.

Vanquished Creatures (others)
  A bullfrog (Lair:4)
  21 jellies
  12 foxfires (D:5)
34 creatures vanquished.

Grand Total: 447 creatures vanquished

Notes
Turn   | Place    | Note
-------+----------+-------------------------------------------
     0 | D:1      | cforsyth the Djinni Cinder Acolyte began the quest for the
                  | Orb.
     0 | D:1      | cforsyth set off with the following spells memorised:
                  | Scorch.
     0 | D:1      | Reached XP level 1. HP: 20/20 MP: 0/0
   194 | D:1      | Reached XP level 2. HP: 23/25 MP: 0/0
   353 | D:1      | You are sucked into a shaft and drop 1 floor!
   735 | D:1      | Reached XP level 3. HP: 28/30 MP: 0/0
   735 | D:1      | Learned a level 1 spell: Sandblast
  1459 | D:1      | Reached XP level 4. HP: 23/37 MP: 0/0
  1516 | D:1      | Reached skill level 4 in Fighting
  1542 | D:1      | HP: 1/37 [gnoll/+0 whip (4)]
  1544 | D:1      | Gained mutation: You occasionally lose the ability to drink
                  | potions when taking damage. [potion of mutation]
  1544 | D:1      | Gained mutation: Your movements are slightly less
                  | encumbered by armour. (ER -2) [potion of mutation]
  1544 | D:1      | Gained mutation: You are partially covered in iridescent
                  | scales. (AC +2) [potion of mutation]
  1544 | D:1      | Gained mutation: You are strong-willed. (Will+) [potion of
                  | mutation]
  1742 | D:2      | Noticed Robin
  1813 | D:2      | Killed Robin
  1816 | D:2      | Reached XP level 5. HP: 22/41 MP: 0/0
  1816 | D:2      | Learned a level 2 spell: Lesser Beckoning
  1941 | D:2      | Found a faded altar of an unknown god.
  2701 | D:3      | Noticed Grinder
  2734 | D:3      | Killed Grinder
  2735 | D:3      | Reached skill level 5 in Fighting
  2735 | D:3      | Reached XP level 6. HP: 26/49 MP: 0/0
  2735 | D:3      | Reached XP level 7. HP: 29/54 MP: 0/0
  2735 | D:3      | Learned a level 3 spell: Dazzling Flash
  2838 | D:3      | Found an iron altar of Okawaru.
  2844 | D:3      | Found a snail-covered altar of Cheibriados.
  2849 | D:3      | Found an opulent altar of Gozag.
  3161 | D:3      | Noticed Terence
  3178 | D:3      | Killed Terence
  3685 | D:4      | Noticed Sigmund
  3693 | D:4      | Killed Sigmund
  3694 | D:4      | Reached skill level 6 in Fighting
  4093 | D:4      | Reached XP level 8. HP: 57/62 MP: 0/0
  4255 | D:5      | Entered Level 5 of the Dungeon
  4259 | D:5      | Reached skill level 5 in Spellcasting
  4259 | D:5      | Reached skill level 5 in Conjurations
  4259 | D:5      | Reached skill level 5 in Hexes
  4259 | D:5      | Reached skill level 5 in Summonings
  4259 | D:5      | Reached skill level 5 in Necromancy
  4259 | D:5      | Reached skill level 5 in Translocations
  4259 | D:5      | Reached skill level 5 in Transmutations
  4259 | D:5      | Reached skill level 5 in Fire Magic
  4259 | D:5      | Reached skill level 5 in Ice Magic
  4259 | D:5      | Reached skill level 5 in Air Magic
  4259 | D:5      | Reached skill level 5 in Earth Magic
  4259 | D:5      | Reached skill level 5 in Poison Magic
  4278 | D:5      | Noticed Blork the orc
  4285 | D:5      | Killed Blork the orc
  4441 | D:5      | Reached skill level 7 in Fighting
  4554 | D:5      | Noticed Ijyb
  4820 | D:5      | Killed Ijyb
  4948 | D:5      | Identified the +1 ring mail of a treasure trove {rN++ Str-5
                  | Dex+3}
  5111 | D:6      | Reached XP level 9. HP: 47/70 MP: 0/0
  5111 | D:6      | Learned a level 3 spell: Inner Flame
  5202 | D:6      | Reached skill level 8 in Fighting
  5968 | D:6      | Found a large runed translucent door.
  5969 | D:6      | Found a large runed translucent door.
  5972 | D:6      | Noticed autismninja's ghost (novice HuFi)
  6218 | D:7      | Reached skill level 9 in Fighting
  6947 | D:8      | Found a flagged portal.
  6954 | Bailey   | Entered a bailey
  6999 | Bailey   | Reached XP level 10. HP: 5/79 MP: 0/0
  7231 | Bailey   | Reached skill level 10 in Fighting
  9621 | D:8      | Found Luceima's Book Shop.
 10767 | D:9      | Noticed a two-headed ogre
 10771 | D:9      | Killed a two-headed ogre
 10772 | D:9      | Reached skill level 11 in Fighting
 11013 | D:9      | Reached XP level 11. HP: 45/87 MP: 0/0
 11013 | D:9      | Learned a level 4 spell: Manifold Assault
 11510 | D:9      | Found a staircase to the Orcish Mines.
 11714 | D:7      | Noticed Fodor's ghost (novice MiFi)
 11716 | D:7      | Found a transporter.
 11721 | D:7      | Found a transporter.
 12538 | D:7      | Found a staircase to the Ecumenical Temple.
 12784 | Temple   | Entered the Ecumenical Temple
 13251 | D:9      | Noticed a two-headed ogre
 13358 | D:9      | Killed a two-headed ogre
 13359 | D:9      | Reached skill level 12 in Fighting
 14226 | D:9      | Noticed a two-headed ogre
 14230 | D:9      | Killed a two-headed ogre
 14432 | D:10     | Entered Level 10 of the Dungeon
 14432 | D:10     | Found Zeoti's Distillery.
 14438 | D:10     | Found Tilus's Distillery.
 15009 | D:10     | Found Ypredgh's Weapon Emporium.
 15272 | D:10     | Found Qesaa's Book Shoppe.
 15284 | D:10     | Reached skill level 13 in Fighting
 15439 | D:10     | Reached skill level 10 in Spellcasting
 15439 | D:10     | Reached skill level 10 in Conjurations
 15439 | D:10     | Reached skill level 10 in Hexes
 15439 | D:10     | Reached skill level 10 in Summonings
 15439 | D:10     | Reached skill level 10 in Necromancy
 15439 | D:10     | Reached skill level 10 in Translocations
 15439 | D:10     | Reached skill level 10 in Transmutations
 15439 | D:10     | Reached skill level 10 in Fire Magic
 15439 | D:10     | Reached skill level 10 in Ice Magic
 15439 | D:10     | Reached skill level 10 in Air Magic
 15439 | D:10     | Reached skill level 10 in Earth Magic
 15439 | D:10     | Reached skill level 10 in Poison Magic
 15622 | D:10     | Found the +4 skin of Zhor {*Englaciate rC+++ SInv}
 15663 | D:10     | Found Rarileri's Weapon Boutique.
 15735 | D:10     | Reached XP level 12. HP: 92/98 MP: 0/0
 17361 | D:11     | Found a staircase to the Lair.
 17363 | D:11     | Identified the +6 great mace of Ramaamnu {drain, rPois
                  | rCorr}
 17862 | D:12     | Reached skill level 14 in Fighting
 17867 | D:12     | Noticed Azrael
 17875 | D:12     | Noticed Maurice
 17895 | D:12     | Killed Azrael
 17919 | D:12     | Killed Maurice
 17936 | D:12     | Found a flickering gateway to a bazaar.
 17945 | Bazaar   | Entered a bazaar
 18191 | Bazaar   | Found Zurhyoj's Magic Scroll Emporium.
 18192 | Bazaar   | Found Uxaiges's Assorted Antiques.
 18235 | Bazaar   | Found Kotih's Magic Scroll Shoppe.
 18235 | Bazaar   | Found Woucvyr's Antique Weapon Shoppe.
 18269 | Bazaar   | Bought a scroll of teleportation for 51 gold pieces
 18269 | Bazaar   | Bought a scroll of teleportation for 51 gold pieces
 18269 | Bazaar   | Bought a scroll of identify for 34 gold pieces
 18298 | Bazaar   | Bought a scroll of blinking for 120 gold pieces
 18298 | Bazaar   | Bought a scroll of teleportation for 48 gold pieces
 18298 | Bazaar   | Bought a scroll of teleportation for 48 gold pieces
 18298 | Bazaar   | Bought a scroll of revelation for 120 gold pieces
 18310 | Bazaar   | Bought a potion of curing for 45 gold pieces
 18310 | Bazaar   | Bought a faintly glowing scale mail for 135 gold pieces
 18310 | Bazaar   | Identified the +0 scale mail of Qaco {Regen+} (You bought
                  | it in a shop in a bazaar)
 18310 | Bazaar   | Bought 2 potions of heal wounds for 150 gold pieces
 18397 | D:12     | Noticed javelincjr's ghost (journeyman DjCj)
 18398 | D:12     | Found a transporter.
 18463 | D:12     | Noticed a two-headed ogre
 18470 | D:12     | Killed a two-headed ogre
 18579 | D:12     | Found a white marble altar of Elyvilon.
 18644 | D:12     | Found a transporter.
 18698 | D:12     | Noticed Lodul
 18743 | D:12     | Killed Lodul
 19754 | D:12     | Reached XP level 13. HP: 86/106 MP: 0/0
 19754 | D:12     | Learned a level 5 spell: Silence
 19841 | Lair:1   | Entered Level 1 of the Lair of Beasts
 19871 | Lair:1   | Reached skill level 1 in Dodging
 20724 | Lair:1   | Reached skill level 15 in Fighting
 21682 | Lair:2   | Noticed a five-headed hydra
 21688 | Lair:2   | Killed a five-headed hydra
 21812 | Lair:2   | Reached skill level 5 in Dodging
 21835 | Lair:2   | Found a staircase to the Swamp.
 21984 | Lair:2   | Found a blossoming altar of Fedhas.
 21996 | Lair:2   | Noticed a catoblepas
 22016 | Lair:2   | Killed a catoblepas
 22898 | Lair:3   | Noticed a five-headed hydra
 22905 | Lair:3   | Killed a six-headed hydra
 23156 | Lair:3   | Found a staircase to the Snake Pit.
 23956 | Lair:4   | Reached XP level 14. HP: 62/115 MP: 0/0
 24594 | Lair:4   | Reached skill level 16 in Fighting
 24645 | Lair:4   | Found a staircase to the Slime Pits.
 24645 | Lair:4   | Found a viscous altar of Jiyva.
 25143 | Lair:4   | Fell from the grace of Ignis
 25143 | Lair:4   | Became a worshipper of Jiyva Jykaodul the Shapeless
 25807 | Lair:4   | Reached * piety under Jiyva
 25966 | Lair:5   | Entered Level 5 of the Lair of Beasts
 26242 | Lair:4   | HP: 4/116 [cloud of flame (10)]
 27076 | Lair:4   | Found a viscous altar of Jiyva.
 27077 | Lair:4   | Found a staircase to the Slime Pits.
 27606 | Lair:4   | You are sucked into a shaft and drop 1 floor!
 27716 | Lair:4   | You are sucked into a shaft and drop 1 floor!
 27811 | Lair:4   | You are sucked into a shaft and drop 1 floor!
 27927 | Lair:5   | Engulfed by a cloud of flame

Illustrated notes

Levels and vault maps discovered:
D:1:      sevenhm_arrival_forest_fort_large_1, layout_basic,
          kennysheep_pointless_box, amcnicky_mini_corridor_feature
D:2:      layout_basic, shapermc_ecumenical_altar_mp_ritualfount, serial_rivers,
          chequers_serial_rivers_marsh, chequers_serial_rivers_micro_a,
          chequers_serial_rivers_marsh, chequers_serial_rivers_micro_e,
          chequers_serial_rivers_small_b, uniq_robin
D:3:      layout_loops_ring, minmay_overflow_temple_star_quad,
          chequers_serial_rivers_marsh, minmay_door_square, uniq_grinder,
          uniq_terence
D:4:      layout_rooms, serial_park_tiny_pond, uniq_sigmund
D:5:      layout_basic, grunt_ministairs_4, uniq_blork_the_orc, uniq_ijyb
D:6:      layout_loops_cross, ebering_ghost_disaster_area
D:7:      layout_basic, minmay_temple_entry_enclosed_plants,
          gammafunk_ghost_hive
D:8:      layout_basic, serial_shops, nicolae_square_shop, enter_bailey_2
D:9:      layout_loops_ring, vehumet_crystals,
          kennysheep_orc_monster_closet_entryway
D:10:     layout_irregular_city, serial_shops, nicolae_shop_trees, shop,
          nicolae_lakefront_shop, shop, shop, hellmonk_guarded_unrand_zhor
D:11:     layout_loops_corners, erik_lair_orcish_takeover, uniq_grum
D:12:     layout_stronghold, serial_shops, bzr_entry_water,
          gammafunk_ghost_arena, elyvilon_altar_4, uniq_maurice, uniq_lodul,
          uniq_azrael
Temple:   compressed_dpeg_circular_temple
Lair:1:   layout_loops_ring, serial_bayou_ford_a, minmay_lair_oklob_items,
          wad_woods_road_03, grunt_megastairs_1
Lair:2:   layout_chaotic_city, swamp_mist_pool, tgw_fedhas
Lair:3:   layout_long_grid, minmay_snake_entry_six_corridors,
          cheibrodos_lair_lostbears, infiniplex_staircase_pool_2
Lair:4:   layout_regular_city, slime_entry_1, st_stairs_8, roderic_carrion_pond,
          grunt_megastairs_4
Lair:5:   gammafunk_lair_ancient_temple, layout_regular_city, fungi_pond_lemuel

Skill      XL: |  1  2  3  4  5  6  7  8  9 10 11 12 13 14 |
---------------+-------------------------------------------+-----
Spellcasting   | 3 4 5 7 8 10 11 12 | 12.2
Conjurations   | 3 4 5 7 8 10 11 12 | 12.2
Hexes          | 3 4 5 7 8 10 11 12 | 12.2
Summonings     | 3 4 5 7 8 10 11 12 | 12.2
Necromancy     | 3 4 5 7 8 10 11 12 | 12.2
Translocations | 3 4 5 7 8 10 11 12 | 12.2
Transmutations | 3 4 5 7 8 10 11 12 | 12.2
Fire Magic     | 3 4 5 7 8 10 11 12 | 12.2
Ice Magic      | 3 4 5 7 8 10 11 12 | 12.2
Air Magic      | 3 4 5 7 8 10 11 12 | 12.2
Earth Magic    | 3 4 5 7 8 10 11 12 | 12.2
Poison Magic   | 3 4 5 7 8 10 11 12 | 12.2
Fighting       | 4 5 6 7 9 11 13 14 15 16 | 16.3
Dodging        | 7 8 |  8.3
Long Blades    | 3 |  3.3

Action                     |  1- 3 |  4- 6 |  7- 9 | 10-12 | 13-15 || total
---------------------------+-------+-------+-------+-------+-------++-------
  Melee: Falchion          |    47 |     3 |    24 |    31 |   147 ||   252
   Cast: Scorch            |    28 |    49 |   126 |   226 |   166 ||   595
         Sandblast         |       |     1 |     3 |     1 |       ||     5
         Dazzling Flash    |       |       |     3 |     1 |       ||     4
         Inner Flame       |       |       |    25 |   131 |    87 ||   243
         Lesser Beckoning  |       |       |     1 |    10 |       ||    11
         Manifold Assault  |       |       |       |    15 |    63 ||    78
 Invoke: Foxfire Swarm     |       |       |     1 |       |       ||     1
  Evoke: Wand              |       |       |     8 |    21 |       ||    29
    Use: Potion            |       |     3 |     2 |     6 |     2 ||    13
         Scroll            |       |       |    12 |    10 |     2 ||    24
   Stab: Invisible         |       |       |     1 |       |       ||     1
         Distracted        |       |       |       |       |     1 ||     1
 Armour: Robe              |    48 |    18 |    75 |   115 |       ||   256
         Animal skin       |       |       |       |    73 |   171 ||   244
  Dodge: Dodged            |    37 |    12 |    51 |    61 |    68 ||   229
  Block: Kite shield       |       |       |       |    29 |    50 ||    79

Table legend: (Time is in decaauts)
 A = Elapsed time spent in this place.
 B = Non-inter-level travel time spent in this place.
 C = Inter-level travel time spent in this place.
 D = Time resting spent in this place.
 E = Time spent auto-exploring this place.
 F = Levels seen in this place.
 G = Mean time per level.
                   A        B        C        D        E       F      G
               +--------+--------+--------+--------+--------+-----+--------+
         Total |  27992 |  26925 |   1067 |   8023 |  15117 |  20 | 1399.6 |
       Dungeon |  17653 |  16689 |    964 |   4286 |  10081 |  12 | 1471.1 |
        Temple |      1 |      1 |      0 |      0 |      0 |   1 |    1.0 |
          Lair |   8140 |   8037 |    103 |   2466 |   4496 |   5 | 1628.0 |
        Bazaar |    391 |    391 |      0 |      0 |    302 |   1 |  391.0 |
        Bailey |   1804 |   1804 |      0 |   1270 |    237 |   1 | 1804.0 |
               +--------+--------+--------+--------+--------+-----+--------+

Top non-repeatable levels by time:
  Lair:4: 3657 daAuts
     D:8: 2468 daAuts
     D:9: 2057 daAuts
    D:10: 1920 daAuts
     D:6: 1903 daAuts
  Bailey: 1804 daAuts
    D:11: 1741 daAuts
  Lair:2: 1563 daAuts
  Lair:3: 1513 daAuts
     D:1: 1500 daAuts
     D:3: 1299 daAuts
    D:12: 1231 daAuts
  Lair:1: 1193 daAuts
     D:7: 1067 daAuts
     D:2: 1048 daAuts
